 Dungeon Crawl Stone Soup version 0.28.0-43-g3370ac3207 (webtiles) character file.

Game seed: 18035669603919901238

2921 Milton the Ruffian (level 9, -17/85 HPs)
             Began as a Troll Monk on Mar 7, 2022.
             Was a Believer of Ignis.
             Demolished by an orc warrior
             ... wielding a +0 glaive
              (27 damage)
             ... in a bailey.
             The game lasted 00:48:20 (6564 turns).

Milton the Ruffian (Troll Monk)                     Turns: 6564, Time: 00:48:20

Health: -17/85     AC: 14    Str: 34    XL:     9   Next: 50%
Magic:  20/20      EV: 11    Int:  8    God:    Ignis [**....]
Gold:   1165       SH:  0    Dex: 12    Spells: 8/12 levels left

rFire   + + .      SeeInvis .   h - +1 great sword (spect)
rCold   + . .      Faith    .   (shield currently unavailable)
rNeg    . . .      Spirit   .   c - +1 troll leather armour
rPois   .          Reflect  .   (helmet restricted)
rElec   .          Harm     .   l - scarf {rC+ rF+}
rCorr   .          Rampage  .   (gloves unavailable)
Will    .....                   (boots unavailable)
Stlth   ++........              (no amulet)
HPRegen 1.84/turn               k - ring of Zonuejih {MP+9 Str+5}
MPRegen 0.17/turn               x - +6 ring of strength

@: fiery-armoured
A: large, unfitting armour, claws 3, regeneration 1, shaggy fur 1, tough skin 1
a: Renounce Religion, Fiery Armour, Foxfire Swarm, Rising Flame


You were in a bailey.
You worshipped Ignis.
Ignis was pleased with you.
You visited 1 branch of the dungeon, and saw 9 of its levels.
You also visited: Bailey.

You collected 1324 gold pieces.
You spent 159 gold pieces at shops.

Inventory:

Hand Weapons
 d - a +0 dagger
 h - a +1 spectral great sword (weapon)
Missiles
 r - 5 javelins
 s - 2 atropa-tipped darts (quivered)
Armour
 a - a +0 robe
 c - a +1 troll leather armour (worn)
 l - a scarf of resistance (worn)
 y - an orb of mayhem
 B - a +2 tower shield
Jewellery
 k - the ring of Zonuejih (left claw) {MP+9 Str+5}
   (You found it on level 5 of the Dungeon)

   [ring of magical power]

   Str:       It affects your strength (+5).
   MP:        It affects your magic capacity (+9).
 x - a +6 ring of strength (right claw)
Wands
 i - a wand of flame (19)
 w - a wand of paralysis (6)
Scrolls
 b - a scroll of silence {unknown}
 e - 4 scrolls of teleportation
 n - a scroll of fog
 p - a scroll of immolation {unknown}
 t - 2 scrolls of torment
 v - a scroll of holy word {unknown}
Potions
 f - 2 potions of curing {unknown}
 g - 3 potions of invisibility {unknown}
 j - a potion of heal wounds
 o - 2 potions of attraction
 q - a potion of might
 u - a potion of brilliance {unknown}
 A - a potion of cancellation {unknown}


   Skills:
 * Level 4.6 Fighting
 * Level 3.0(4.3) Short Blades
 + Level 4.6(5.1) Long Blades
 * Level 2.0 Throwing
 * Level 1.3 Armour
 * Level 4.4 Dodging
 * Level 2.4 Stealth
 * Level 5.6 Unarmed Combat
 * Level 2.0 Spellcasting
 * Level 1.9 Summonings
 * Level 2.1 Evocations


You had 8 spell levels left.
You knew the following spells:

 Your Spells              Type           Power      Damage    Failure   Level
a - Summon Small Mammal   Summ           12%        N/A       19%         1
b - Call Canine Familiar  Summ           3%         N/A       47%         3

Your spell library contained the following spells:

 Spells                   Type           Power      Damage    Failure   Level
 Animate Skeleton         Necr           0%         N/A       36%         1
 Apportation              Tloc           0%         N/A       36%         1
 Summon Guardian Golem    Hex/Summ       2%         N/A       61%         3
 Inner Flame              Hex/Fire       0%         N/A       75%         3
 Stone Arrow              Conj/Erth      0%         3d7       75%         3
 Tukima's Dance           Hex            0%         N/A       75%         3
 Animate Armour           Summ/Erth      4%         N/A       95%         4
 Cause Fear               Hex            0%         N/A       98%         4
 Passage of Golubria      Tloc           0%         N/A       98%         4
 Yara's Violent Unravell  Hex/Tmut       0%         3d3       100%        5
 Discord                  Hex            0%         N/A       100%        8
 Lehudib's Crystal Spear  Conj/Erth      0%         10d2      100%        8


Dungeon Overview and Level Annotations

Branches:
Dungeon (9/15)             Temple (0/1) D:4            Lair (0/6) D:9
 Bailey (1/1)
    Orc: D:9-12

Altars:
Nemelex Xobeh
Wu Jian
Ignis

Shops:
D:7 *

Annotations:
Bailey 2 runed translucent doors


Innate Abilities, Weirdness & Mutations

You are too large for most types of armour.
You have claws for hands.
Your natural rate of healing is unusually fast.
You are covered in fur. (AC +1)
You have tough skin. (AC +1)


Message History

The orc warrior goes into a battle-frenzy!
You feel much better.
The orc warrior hits you with a +0 halberd!!
The orc knight hits you with a +0 halberd!!
* * * LOW HITPOINT WARNING * * *
Unknown command.
You feel much better. The orc warrior misses you.
A protective cloak of flame settles atop you.
The orc warrior hits you with a +0 halberd!!
* * * LOW HITPOINT WARNING * * *
The orc warrior is burned by your cloak of flames.
The orc warrior is heavily wounded.
The orc knight hits you but does no damage.
The orc knight is burned by your cloak of flames.
The orc knight is lightly wounded.
You feel much better.
The orc warrior hits you but does no damage.
The orc warrior is burned by your cloak of flames.
The orc warrior is severely wounded.
The orc knight hits you with a +0 halberd!
The orc knight is burned by your cloak of flames.
The orc knight is moderately wounded.
You barely miss the orc knight.
The orc knight is moderately wounded.
Your +1 spectral great sword hits the orc knight!!
The orc warrior misses you.
The orc knight hits you with a +0 halberd.
The orc knight is burned by your cloak of flames.
The orc knight is severely wounded.
The orc warrior barely misses you. x2
You barely miss the orc knight.
The orc knight is severely wounded.
Your +1 spectral great sword hits the orc knight!
The orc knight barely misses your +1 spectral great sword.
The orc warrior hits you with a +0 halberd!!
* * * LOW HITPOINT WARNING * * *
The orc warrior is burned by your cloak of flames.
You kill the orc warrior!
The orc warrior hits you from afar with a +0 glaive!!
You die...

#..# #++##
#..##....##..# #..#...e
.#..# #..#..# .#..#
#.)#..# #..# #..# #..#
#o.# #..# #()########..#
##@o.8....8)..##
#)......)......###
#♣♣♣♣#..####''####..#.##
#≈≈..####...)....####..#
#≈≈≈...................#
#≈≈≈≈............♣....♣#
#≈≈≈≈≈≈...#....#...♣♣♣♣
#≈≈≈≈≈≈≈≈≈#....#≈≈≈≈≈♣
#♣♣≈≈≈≈≈≈≈#....#≈≈≈≈≈≈≈#


You could see an orc knight (corroded), an orc warrior (strong) and a friendly
+1 spectral great sword (summoned).

Vanquished Creatures
  A troll (D:6)
  Sigmund (D:4)
  A water moccasin (D:6)
  2 black bears
  A sky beast (D:7)
  4 orc warriors (Bailey)
  A necrophage (D:5)
  An ice beast (D:5)
  An ogre (D:5)
  2 centaurs (D:7)
  A bullfrog (D:8)
  A gnoll sergeant (D:3)
  2 scorpions (D:5)
  4 killer bees (D:8)
  A howler monkey (D:3)
  5 hounds
  2 centaur zombies
  A jelly (D:5)
  2 orc priests (D:3)
  2 centaur skeletons
  A gnoll shaman (D:3)
  2 bullfrog skeletons (D:5)
  2 iguanas
  2 orc wizards (D:3)
  18 gnolls
  10 adders
  A shadow imp (D:6)
  A white imp (D:7)
  An ufetubus (D:5)
  An adder skeleton (D:4)
  A worm (D:2)
  3 dart slugs
  36 orcs
  6 endoplasms
  6 giant cockroaches
  5 goblins
  7 hobgoblins
  18 jackals
  3 quokkas
  8 ball pythons
  6 bats
  A frilled lizard (D:3)
  6 kobolds
  3 rats
184 creatures vanquished.

Vanquished Creatures (others)
  52 foxfires (D:3)
  9 fungi
  7 plants
68 creatures vanquished.

Grand Total: 252 creatures vanquished

Notes
Turn   | Place    | Note
-------+----------+-------------------------------------------
     0 | D:1      | Milton the Troll Monk began the quest for the Orb.
     0 | D:1      | Reached XP level 1. HP: 22/22 MP: 0/0
   116 | D:1      | Reached XP level 2. HP: 28/29 MP: 1/1
   434 | D:1      | Reached XP level 3. HP: 33/36 MP: 2/2
  1066 | D:2      | Found a faded altar of an unknown god.
  1070 | D:2      | Prayed at the altar of an unknown god.
  1070 | D:2      | Became a worshipper of Ignis, the Dying Flame
  1070 | D:2      | Reached ****** piety under Ignis
  1091 | D:2      | Reached XP level 4. HP: 44/44 MP: 3/3
  1721 | D:3      | Reached skill level 1 in Long Blades
  1810 | D:3      | Reached XP level 5. HP: 49/53 MP: 4/4
  1812 | D:3      | Reached skill level 1 in Short Blades
  1812 | D:3      | Reached skill level 4 in Unarmed Combat
  1853 | D:3      | Reached XP level 6. HP: 61/61 MP: 5/5
  2099 | D:3      | Reached XP level 7. HP: 23/67 MP: 7/7
  2296 | D:3      | Learned a level 1 spell: Summon Small Mammal
  2585 | D:3      | Reached skill level 1 in Spellcasting
  3207 | D:4      | Found a staircase to the Ecumenical Temple.
  3535 | D:4      | Noticed Sigmund
  3547 | D:4      | Killed Sigmund
  3642 | D:5      | Entered Level 5 of the Dungeon
  3710 | D:5      | Reached XP level 8. HP: 64/78 MP: 8/8
  3714 | D:5      | Reached skill level 1 in Evocations
  3853 | D:5      | Reached skill level 1 in Summonings
  3908 | D:5      | Identified the ring of Zonuejih {MP+9 Str+5}
  4594 | D:6      | Reached skill level 5 in Unarmed Combat
  4950 | D:6      | Noticed a troll
  4957 | D:6      | Killed a troll
  5011 | D:6      | Reached XP level 9. HP: 85/85 MP: 10/10
  5025 | D:6      | Learned a level 3 spell: Call Canine Familiar
  5504 | D:7      | Found Uconoshy's General Store.
  5518 | D:7      | Bought a scroll of torment for 82 gold pieces
  5518 | D:7      | Bought a scroll of identify for 22 gold pieces
  5518 | D:7      | Bought a potion of heal wounds for 55 gold pieces
  5518 | D:7      | Identified a scroll of acquirement
  5519 | D:7      | Acquired 799 gold pieces
  5702 | D:7      | Reached skill level 1 in Throwing
  6229 | D:8      | Found an ornate altar of the Wu Jian Council.
  6240 | D:8      | Found a sparkling altar of Nemelex Xobeh.
  6428 | D:9      | Found a flagged portal.
  6434 | D:9      | Identified the +3 halberd of Crusades {vorpal, Str+5}
  6437 | Bailey   | Entered a bailey
  6460 | Bailey   | Reached skill level 1 in Armour
  6538 | Bailey   | Found a large runed translucent door.
  6538 | Bailey   | Found a large runed translucent door.
  6540 | Bailey   | Noticed an orc knight
  6540 | Bailey   | Noticed a deep elf pyromancer
  6564 | Bailey   | Demolished by an orc warrior

Illustrated notes

Levels and vault maps discovered:
D:1:      nzn_arrival_depleted_hourglass, layout_rooms, st_stairs_10
D:2:      layout_basic, shapermc_ecumenical_altar_mp_urbaneastern,
          nicolae_figureground_pulse
D:3:      lemuel_castle_with_subvaults [lemuel_castle_interior_carwin_3],
          layout_loops_ring, minmay_misc_feat_encased
D:4:      layout_rooms, minmay_temple_entry_stoned_glass, serial_aquarium,
          aquarium_bridge_straight [aquarium_subvault_bridge,
          aquarium_subvault_wall, aquarium_subvault_bridge,
          aquarium_subvault_balcony], aquarium_window_corner, aquarium_window_2,
          aquarium_window_1, aquarium_view_2a, aquarium_view_2c,
          aquarium_balcony_1b, aquarium_pool_1, st_stairs_9, uniq_sigmund
D:5:      layout_basic, st_stairs_1, chequers_serial_rivers_large_a
D:6:      layout_basic
D:7:      layout_basic, serial_shops, nicolae_shop_hallway_plus,
          minmay_misc_feat_ornament
D:8:      layout_cave_pools, mainiacjoe_overflow_swirl
D:9:      dragon1_lemuel, layout_basic, david_lair_generic, enter_bailey_2,
          ebering_ghost_xom
Bailey:   bailey_polearm_elven_captive_hellmonk, bailey

Skill      XL: |  1  2  3  4  5  6  7  8  9 |
---------------+----------------------------+-----
Dodging        | 3 4 |  4.4
Fighting       | 3 4 |  4.6
Long Blades    | 1 2 3 4 |  4.6
Short Blades   | 1 2 3 |  3.0
Unarmed Combat | 4 5 |  5.6
Spellcasting   | 1 2 |  2.0
Evocations     | 1 2 |  2.1
Stealth        | 2 |  2.4
Summonings     | 1 |  1.9
Throwing       | 2 |  2.0
Armour         | 1 |  1.3

Action                   |  1- 3 |  4- 6 |  7- 9 || total
-------------------------+-------+-------+-------++-------
Melee: Unarmed           |    43 |       |       ||    43
       Great sword       |    24 |   134 |   191 ||   349
       Punch             |     3 |       |       ||     3
Throw: Javelin           |       |       |    23 ||    23
       Dart              |       |       |     8 ||     8
Invok: Fiery Armour      |       |     3 |     3 ||     6
       Foxfire Swarm     |       |     3 |       ||     3
Evoke: Wand              |       |       |     7 ||     7
  Use: Scroll            |     3 |       |    11 ||    14
       Potion            |     3 |       |     4 ||     7
 Stab: Sleeping          |       |     1 |     1 ||     2
       Distracted        |       |       |     1 ||     1
       Invisible         |       |       |     1 ||     1
Armor: Robe              |    19 |   104 |    72 ||   195
       Troll leather arm |       |       |    10 ||    10
Dodge: Dodged            |    35 |   148 |   159 ||   342
